[Event "Titled Tuesday Blitz August 08 Late 2023"]
[White "Vovk, Orest"]
[Black "Veiga, Jose Francisco R P Neves"]
[WhiteFideId "14113490"]
[BlackFideId "1930087"]
[WhiteElo "2473"]
[BlackElo "2574"]
[Result "0-1"]
[Round "8"]
[TimeControl "180+1"]
[Date "2023.08.08"]
[WhiteClock "0:00:06"]
[BlackClock "0:00:24"]
[Board "65"]

1. g4 g6 2. Bg2 Bg7 3. g5 e5 4. h4 h6 5. h5 Qxg5 6. Kf1 Nc6 7. d4 Qe7 8. hxg6 fxg6 9. Be4 exd4 10. Bxg6+ Kd8 11. Nf3 d6 12. c3 dxc3 13. Nxc3 Bg4 14. Nd5 Qe6 15. Bh5 Bxh5 16. Rxh5 Nf6 17. Nxf6 Qxf6 18. Be3 Kd7 19. Rb5 Rab8 20. Rc1 Rhg8 21. Qb3 Qe6 22. Qa4 a6 23. Rxb7 Rxb7 24. Qxc6+ Kc8 25. Qxa6 Bxb2 26. Rb1 Qh3+ 27. Ke1 Bc3+ 28. Kd1 Qf1+ 29. Kc2 Qxb1+ 30. Kxc3 Qb2+ 31. Kc4 Rg4+ 32. Kd5 Qb5+ 33. Qxb5 Rxb5+ 34. Ke6 h5 35. Nd4 Re5+ 36. Kf6 Rge4 37. Nc6 Rxe3 38. fxe3 Rxe3 39. Kg5 Rxe2 40. Kxh5 Rxa2 41. Kg5 Kd7 42. Nd4 Ra5+ 43. Kf4 Ra4 0-1


[Site "https://www.chess.com"]

[Event "Titled Tuesday Blitz August 08 Late 2023"]
[White "Bueno, Alfeu Junior Varela"]
[Black "Przybylski, Wojciech"]
[WhiteFideId "2108879"]
[BlackFideId "1117599"]
[WhiteElo "2431"]
[BlackElo "2566"]
[Result "0-1"]
[Round "8"]
[TimeControl "180+1"]
[Date "2023.08.08"]
[WhiteClock "0:00:00"]
[BlackClock "0:00:11"]
[Board "66"]

1. e4 c5 2. Nc3 e6 3. f4 Ne7 4. e5 d5 5. Bb5+ Bd7 6. Nf3 Bxb5 7. Nxb5 Nf5 8. O-O a6 9. Nc3 Nc6 10. d3 b5 11. Ne2 d4 12. a3 h5 13. Ng3 Nxg3 14. hxg3 Ne7 15. Ng5 g6 16. g4 hxg4 17. Qxg4 Nf5 18. Ne4 Be7 19. Qf3 Qd5 20. c4 dxc3 21. bxc3 O-O-O 22. Rd1 Nh4 23. Qe2 c4 24. d4 Nf5 25. Bb2 Rh4 26. Nf2 Ng3 27. Qf3 Qxf3 28. gxf3 Ne2+ 29. Kg2 Rdh8 30. Ng4 Nxf4+ 31. Kg3 Nd3 32. Rab1 Rh3+ 33. Kg2 Bg5 34. a4 Nf4+ 35. Kf2 Nd3+ 36. Kg2 Kc7 37. Ba3 Kc6 38. Bd6 Bf4 39. Ra1 Rg3+ 40. Kf1 Rxf3+ 41. Ke2 Rg3 42. Nf2 Rh2 43. Rf1 Rgg2 44. Kf3 Rxf2+ 45. Rxf2 Rxf2+ 46. Kg4 Rg2+ 47. Kf3 Rg3+ 48. Ke2 Re3+ 49. Kf1 Rh3 50. axb5+ axb5 51. Kg2 Rh2+ 52. Kf3 Rh3+ 53. Kg2 Rg3+ 54. Kf1 Kd5 55. Ra5 Ke4 56. Rxb5 Kf3 57. Rb8 Rh3 58. Rh8 Rxh8 0-1


[Site "https://www.chess.com"]

[Event "Titled Tuesday Blitz August 08 Late 2023"]
[White "Hajiyev, Kanan"]
[Black "littlepinkyboy"]
[WhiteFideId "13404148"]
[WhiteElo "2562"]
[BlackElo "2427"]
[Result "0-1"]
[Round "8"]
[TimeControl "180+1"]
[Date "2023.08.08"]
[WhiteClock "0:00:50"]
[BlackClock "0:00:34"]
[Board "67"]

1. d4 d5 2. Nf3 Nf6 3. c4 c6 4. cxd5 cxd5 5. Nc3 Nc6 6. Bg5 e6 7. e3 Be7 8. Bd3 a6 9. O-O O-O 10. Rc1 Bd7 11. a3 Rc8 12. b4 b5 13. Ne5 Nxe5 14. dxe5 Ne8 15. Bf4 Nc7 16. Qh5 g6 17. Qh6 Na8 18. e4 Nb6 19. Rfd1 Bc6 20. exd5 Nxd5 21. Bd2 Nxc3 22. Rxc3 Bd5 23. Rxc8 Qxc8 24. h4 Qb7 25. h5 Be4 26. Bxe4 Qxe4 27. hxg6 hxg6 28. Re1 Qf5 29. Re3 Bg5 30. Qh3 Qxh3 31. gxh3 Bxe3 32. Bxe3 Rd8 33. Kg2 Rd3 34. Bc5 Rxa3 35. f3 Rc3 36. Bd6 Ra3 37. Kg3 a5 38. bxa5 Rxa5 39. Kg4 Ra4+ 40. f4 b4 41. Bc5 b3 0-1


[Site "https://www.chess.com"]

[Event "Titled Tuesday Blitz August 08 Late 2023"]
[White "Arabidze, Meri"]
[Black "Osmak, Yuliia"]
[WhiteFideId "13604040"]
[BlackFideId "14101602"]
[WhiteElo "2601"]
[BlackElo "2490"]
[Result "0-1"]
[Round "8"]
[TimeControl "180+1"]
[Date "2023.08.08"]
[WhiteClock "0:00:00"]
[BlackClock "0:00:07"]
[Board "68"]

1. d4 d5 2. Bg5 f6 3. Bf4 g5 4. Bg3 h5 5. h4 g4 6. e3 Nh6 7. Bd3 Bf5 8. Ne2 Nc6 9. Nbc3 e6 10. Nb5 Bb4+ 11. c3 Ba5 12. b4 Bb6 13. a4 a6 14. Na3 Qd7 15. a5 Ba7 16. O-O Bxd3 17. Qxd3 Nf5 18. Rab1 Qh7 19. Rfd1 Nxg3 20. Nxg3 Qxd3 21. Rxd3 Kd7 22. e4 Ne7 23. c4 c6 24. b5 axb5 25. cxb5 Bb8 26. exd5 exd5 27. bxc6+ bxc6 28. Rb7+ Bc7 29. Re3 Rh7 30. Nb5 cxb5 31. Rc3 Nc6 32. Rc5 Rxa5 33. Rxd5+ Kc8 34. Rbxb5 Rxb5 35. Rxb5 Bxg3 36. fxg3 Nxd4 37. Rd5 Ne6 38. Kh2 Kc7 39. Rf5 Rh6 40. Rd5 Kc6 41. Rf5 Kd6 42. Ra5 Ke7 43. Ra7+ Ke8 44. Ra6 Kf7 45. Ra7+ Kg6 46. Ra6 Ng7 47. Rb6 Rh8 48. Rc6 Re8 49. Rd6 Re3 50. Rd8 Nf5 51. Rg8+ Kh7 52. Rf8 Kg7 53. Rd8 Nxg3 54. Rd5 Nf1+ 55. Kg1 Ng3 56. Kh2 Kg6 57. Ra5 Nf5 58. Rb5 Nxh4 59. Rc5 Re2 60. Kg3 Nxg2 61. Rg5+ Kxg5 0-1


[Site "https://www.chess.com"]

[Event "Titled Tuesday Blitz August 08 Late 2023"]
[White "Arnold, Ken"]
[Black "Di Berardino, Diego Rafael"]
[WhiteFideId "2056836"]
[BlackFideId "2105446"]
[WhiteElo "2467"]
[BlackElo "2600"]
[Result "0-1"]
[Round "8"]
[TimeControl "180+1"]
[Date "2023.08.08"]
[WhiteClock "0:00:00"]
[BlackClock "0:00:05"]
[Board "69"]

1. d4 Nf6 2. Nf3 g6 3. c3 Bg7 4. Bf4 O-O 5. e3 c5 6. Nbd2 b6 7. h3 Bb7 8. Be2 d6 9. O-O Nbd7 10. Bh2 Rc8 11. Qa4 a6 12. Rad1 b5 13. Qc2 Rc7 14. Rfe1 Qa8 15. dxc5 Nxc5 16. Bf1 Rfc8 17. Qb1 Nfe4 18. Nd4 Na4 19. Nxe4 Bxe4 20. Qa1 Nb6 21. f3 Bd5 22. e4 Bc4 23. Bxc4 Nxc4 24. a4 Qb7 25. axb5 axb5 26. Qb1 Qb6 27. Kh1 b4 28. Bg1 bxc3 29. bxc3 Qxb1 30. Rxb1 Na3 31. Nb5 Nxb5 32. Rxb5 Bxc3 33. Rc1 Be5 34. Rxc7 Rxc7 35. Rb1 h5 36. g3 Bxg3 37. Kg2 Bf4 38. Rb2 f6 39. Re2 Kf7 40. Bd4 Rc1 41. Ra2 Rd1 42. Bf2 Rd2 43. Rxd2 Bxd2 44. Kf1 Bf4 45. Ke2 Ke6 46. Kd3 d5 47. exd5+ Kxd5 48. Bb6 e5 49. Bd8 Ke6 50. Bb6 Kd5 51. Bd8 f5 52. Be7 e4+ 53. fxe4+ fxe4+ 54. Ke2 Ke6 55. Bc5 Kf5 56. Be7 g5 57. Bc5 g4 58. hxg4+ Kxg4 59. Kf2 h4 60. Kg2 h3+ 61. Kh1 Kf3 62. Bb6 Bg3 63. Bc5 Bf2 64. Be7 e3 65. Bb4 e2 66. Bc3 Bg3 67. Bd2 Ke4 68. Kg1 Kd3 69. Bb4 Ke3 70. Bc5+ Kf3 71. Bb4 Ke4 72. Kh1 Kd3 73. Kg1 Kc2 74. Kh1 Kd1 75. Bc3 Bf4 0-1


[Site "https://www.chess.com"]

[Event "Titled Tuesday Blitz August 08 Late 2023"]
[White "Erzhanov, Arman"]
[Black "Swicarz, Maciej"]
[WhiteFideId "4138821"]
[BlackFideId "1113585"]
[WhiteElo "2598"]
[BlackElo "2441"]
[Result "1-0"]
[Round "8"]
[TimeControl "180+1"]
[Date "2023.08.08"]
[WhiteClock "0:00:53"]
[BlackClock "0:00:35"]
[Board "70"]

1. e4 c5 2. Nf3 d6 3. d4 cxd4 4. Qxd4 Nc6 5. Qe3 g6 6. Be2 Bg7 7. h3 Nf6 8. O-O O-O 9. Rd1 b6 10. c4 Nd7 11. Nc3 Ba6 12. Rb1 Rc8 13. b3 Nde5 14. Nd2 Nd7 15. Nf3 Nde5 16. Ne1 Nd7 17. Bb2 Re8 18. Nd5 Bxb2 19. Rxb2 Bb7 20. Nf3 Nce5 21. Nd4 Nc5 22. f3 e6 23. Nc3 d5 24. cxd5 exd5 25. Nc2 Qc7 26. Nxd5 Bxd5 27. Rxd5 Ne6 28. f4 Nc6 29. g3 Rcd8 30. Bc4 Na5 31. Rxd8 Qxd8 32. Bd5 Nc5 33. Qd4 Nc6 34. Bxc6 1-0


[Site "https://www.chess.com"]

[Event "Titled Tuesday Blitz August 08 Late 2023"]
[White "KorolDimitriy75"]
[Black "Pert, Richard G"]
[BlackFideId "404748"]
[WhiteElo "2410"]
[BlackElo "2578"]
[Result "0-1"]
[Round "8"]
[TimeControl "180+1"]
[Date "2023.08.08"]
[WhiteClock "0:00:00"]
[BlackClock "0:00:38"]
[Board "71"]

1. d4 Nf6 2. c4 e5 3. dxe5 Ng4 4. Bf4 Bb4+ 5. Nd2 d6 6. exd6 Qf6 7. e3 g5 8. Bg3 h5 9. h3 h4 10. hxg4 hxg3 11. Rxh8+ Qxh8 12. fxg3 Qxb2 13. Nf3 Bxd6 14. Kf2 Nc6 15. Be2 Bxg4 16. Rb1 Qxa2 17. Rxb7 O-O-O 18. Rb5 Bxf3 19. Bxf3 Bb4 20. Bg4+ Rd7 21. Rd5 Nb8 22. Kg1 Bxd2 23. Rxd2 Qa3 24. Rxd7 Qxe3+ 25. Kh2 Nxd7 26. Qxd7+ Kb7 27. Qb5+ Qb6 28. Bf3+ c6 29. Bxc6+ Kc7 30. Qxb6+ Kxb6 31. Bd5 f6 0-1


[Site "https://www.chess.com"]

[Event "Titled Tuesday Blitz August 08 Late 2023"]
[White "Ingunza Curro, Andres"]
[Black "Moral Garcia, Serafin"]
[WhiteFideId "24526371"]
[BlackFideId "2201925"]
[WhiteElo "2438"]
[BlackElo "2564"]
[Result "0-1"]
[Round "8"]
[TimeControl "180+1"]
[Date "2023.08.08"]
[WhiteClock "0:00:08"]
[BlackClock "0:00:18"]
[Board "72"]

1. e4 c5 2. b3 g6 3. Bb2 Nf6 4. e5 Nd5 5. Qf3 Nb4 6. Bc4 e6 7. Na3 Bg7 8. h4 h5 9. Nh3 d5 10. Bb5+ Bd7 11. Ng5 Qe7 12. O-O-O a6 13. Bxd7+ Nxd7 14. Qf4 Nxa2+ 15. Kb1 Nb4 16. d4 cxd4 17. Nf3 Nc6 18. Rhe1 O-O 19. g4 hxg4 20. Qxg4 b5 21. h5 b4 22. hxg6 bxa3 23. Bc1 a5 24. Ng5 a2+ 25. Kxa2 fxg6 26. Qh3 Rfe8 27. Qh7+ Kf8 28. Qxg6 a4 29. Nh7+ Kg8 30. Rg1 axb3+ 31. Kb1 bxc2+ 32. Kxc2 Ra2+ 33. Kd3 Nc5# 0-1


[Site "https://www.chess.com"]

[Event "Titled Tuesday Blitz August 08 Late 2023"]
[White "Adan Bermudez, Sergio"]
[Black "Gajwa Ankit"]
[WhiteFideId "2292726"]
[BlackFideId "5077834"]
[WhiteElo "2563"]
[BlackElo "2404"]
[Result "0-1"]
[Round "8"]
[TimeControl "180+1"]
[Date "2023.08.08"]
[WhiteClock "0:00:00"]
[BlackClock "0:00:29"]
[Board "73"]

1. c4 Nf6 2. Nc3 g6 3. e4 d6 4. g3 Bg7 5. Bg2 O-O 6. Nge2 c5 7. a3 Nc6 8. Rb1 Ne8 9. b4 Nc7 10. d3 Ne6 11. O-O Ncd4 12. h3 Nxe2+ 13. Nxe2 b6 14. f4 Bb7 15. Kh2 Nd4 16. Nxd4 cxd4 17. f5 e6 18. Qg4 exf5 19. exf5 Bxg2 20. Kxg2 Re8 21. Bg5 Qc8 22. Rbe1 Qc6+ 23. Qf3 Qxf3+ 24. Kxf3 f6 25. Bf4 Rxe1 26. Rxe1 Bf8 27. g4 a5 28. b5 d5 29. cxd5 Bxa3 30. Re6 Bc5 31. Rc6 gxf5 32. d6 Rd8 33. Rxc5 bxc5 34. b6 fxg4+ 35. hxg4 Kf7 36. d7 Rxd7 37. Bc7 Re7 38. b7 Re8 39. b8=Q Rxb8 40. Bxb8 Ke6 41. Bf4 a4 42. Ke4 a3 43. Bc1 a2 44. Bb2 f5+ 45. gxf5+ Kf6 46. Kd5 Kxf5 47. Kxc5 h5 48. Bxd4 h4 49. Kb4 h3 50. Ka3 h2 0-1


[Site "https://www.chess.com"]

[Event "Titled Tuesday Blitz August 08 Late 2023"]
[White "Graif, William"]
[Black "Rabiega, Robert"]
[WhiteFideId "2609835"]
[BlackFideId "4601475"]
[WhiteElo "2561"]
[BlackElo "2396"]
[Result "1-0"]
[Round "8"]
[TimeControl "180+1"]
[Date "2023.08.08"]
[WhiteClock "0:00:08"]
[BlackClock "0:00:12"]
[Board "74"]

1. e4 c6 2. d4 d5 3. Nc3 dxe4 4. Bc4 Nf6 5. f3 exf3 6. Nxf3 Bg4 7. Ne5 Be6 8. Bxe6 fxe6 9. O-O Nbd7 10. Nf3 Qb6 11. Na4 Qc7 12. Ng5 Qd6 13. Bf4 e5 14. dxe5 Nxe5 15. Qe2 Qd4+ 16. Kh1 Neg4 17. Nc3 e5 18. Rad1 Qc5 19. Nce4 Qe7 20. Bg3 h5 21. h3 h4 22. Nd6+ Qxd6 23. Rxd6 Bxd6 24. Be1 Rh5 25. hxg4 Rxg5 26. Bxh4 Rg6 27. g5 Nd5 28. Qh5 Ne7 29. Qh8+ Kd7 30. Qxa8 Kc7 31. Qxa7 Nd5 32. Qa5+ Kd7 33. c4 Nf4 34. Qb6 Kc8 35. Rd1 Re6 36. c5 Bc7 37. Qa7 e4 38. g6 Nxg6 39. Qa8+ Bb8 40. Rd8+ Kc7 41. Qxb8# 1-0


[Site "https://www.chess.com"]

[Event "Titled Tuesday Blitz August 08 Late 2023"]
[White "Eggleston, Thomas A"]
[Black "Shapiro, Viktor"]
[WhiteFideId "412139"]
[BlackFideId "4175700"]
[WhiteElo "2395"]
[BlackElo "2553"]
[Result "0-1"]
[Round "8"]
[TimeControl "180+1"]
[Date "2023.08.08"]
[WhiteClock "0:00:00"]
[BlackClock "0:00:26"]
[Board "75"]

1. e4 e5 2. Nf3 Nc6 3. d4 exd4 4. Nxd4 Bc5 5. Nxc6 Qf6 6. Qd2 dxc6 7. Bd3 Be6 8. Nc3 O-O-O 9. O-O h5 10. Kh1 h4 11. f4 h3 12. g3 Nh6 13. f5 Bc4 14. Qe2 Bxd3 15. cxd3 Qd4 16. Bg5 f6 17. Bxh6 gxh6 18. Rad1 h5 19. Rf3 Rhg8 20. Rf4 Rg5 21. Rh4 Bb4 22. Nb1 Rg4 23. Rxg4 hxg4 24. a3 Bd6 25. Qxg4 Qxb2 26. Qxh3 Qc2 27. Qh5 Be5 28. Qf3 Rh8 29. Nd2 Bxg3 30. Kg2 Be5 31. h4 Rxh4 32. Rh1 Qxd2+ 0-1


[Site "https://www.chess.com"]

[Event "Titled Tuesday Blitz August 08 Late 2023"]
[White "Czerw, Dawid"]
[Black "Andrews, Todd"]
[WhiteFideId "1145746"]
[BlackFideId "2012456"]
[WhiteElo "2529"]
[BlackElo "2383"]
[Result "0-1"]
[Round "8"]
[TimeControl "180+1"]
[Date "2023.08.08"]
[WhiteClock "0:00:47"]
[BlackClock "0:00:27"]
[Board "76"]

1. e4 c5 2. Nf3 d6 3. d4 cxd4 4. Nxd4 Nf6 5. Nc3 a6 6. h4 e6 7. h5 h6 8. Be3 b5 9. g3 Bb7 10. Bg2 Nfd7 11. O-O Nb6 12. b3 N8d7 13. f4 Qc7 14. Nce2 Be7 15. g4 d5 16. e5 O-O-O 17. a4 bxa4 18. bxa4 Nc4 19. Bf2 Nc5 20. Nc3 f6 21. Re1 fxe5 22. fxe5 Bg5 23. Re2 Rhf8 24. a5 Rxf2 25. Kxf2 Rf8+ 26. Kg1 Be3+ 27. Kh1 Qf7 28. Na4 Qe7 29. Qe1 Bxd4 30. c3 Nxa4 31. Rxa4 Bc5 32. Ra1 Rf4 33. Qg3 Qg5 34. Rf1 Rxg4 35. Qf3 Rh4+ 36. Bh3 d4 0-1


[Site "https://www.chess.com"]

[Event "Titled Tuesday Blitz August 08 Late 2023"]
[White "Kostiukov, Alexandr"]
[Black "Perske, Thore"]
[WhiteFideId "14108100"]
[BlackFideId "12902195"]
[WhiteElo "2377"]
[BlackElo "2529"]
[Result "0-1"]
[Round "8"]
[TimeControl "180+1"]
[Date "2023.08.08"]
[WhiteClock "0:00:00"]
[BlackClock "0:00:09"]
[Board "77"]

1. g3 d5 2. Bg2 g6 3. c4 dxc4 4. Qa4+ Bd7 5. Qxc4 Nc6 6. Nf3 e5 7. O-O Bg7 8. Nc3 Nge7 9. d3 O-O 10. Bg5 h6 11. Be3 Be6 12. Qb5 Rb8 13. Rad1 a6 14. Qa4 Nf5 15. Bc5 Re8 16. e3 Qd7 17. Ne4 b6 18. Ba3 b5 19. Qxa6 b4 20. Nc5 Qd6 21. Ne4 Qd5 22. Nfd2 Qxa2 23. Qxc6 bxa3 24. bxa3 Qxa3 25. Nc4 Qe7 26. Nc5 Bc8 27. e4 Nd4 28. Qa4 Bg4 29. Rb1 Qxc5 0-1


[Site "https://www.chess.com"]

[Event "Titled Tuesday Blitz August 08 Late 2023"]
[White "Smiechu"]
[Black "ElDivis"]
[WhiteElo "2364"]
[BlackElo "2516"]
[Result "0-1"]
[Round "8"]
[TimeControl "180+1"]
[Date "2023.08.08"]
[WhiteClock "0:01:02"]
[BlackClock "0:00:15"]
[Board "78"]

1. e4 c5 2. Nf3 d6 3. d4 cxd4 4. Nxd4 Nf6 5. Nc3 g6 6. Be3 Bg7 7. f3 O-O 8. Qd2 Nc6 9. Bc4 Bd7 10. h4 Rc8 11. Bb3 Ne5 12. h5 Nxh5 13. O-O-O a5 14. g4 Ng3 15. Qh2 Nxh1 16. Rxh1 h5 17. gxh5 g5 18. h6 Bf6 19. Nd5 a4 20. Nxf6+ exf6 21. Bd5 Kh7 22. Rg1 a3 23. f4 axb2+ 24. Kb1 Ng4 25. Rxg4 Bxg4 26. fxg5 fxg5 27. Qg3 Be6 28. Bxe6 fxe6 29. Nxe6 Rf1+ 30. Kxb2 Qf6+ 31. Nd4 Rc5 32. c3 Qxh6 33. Nf5 Qh1 34. Bxc5 Rb1+ 35. Ka3 Qc1+ 36. Ka4 Qc2+ 37. Ka3 Qb2+ 38. Ka4 Qb5+ 39. Ka3 Qa5# 0-1


[Site "https://www.chess.com"]

[Event "Titled Tuesday Blitz August 08 Late 2023"]
[White "Kukavica, Tony"]
[Black "chess123456s"]
[WhiteFideId "2062542"]
[WhiteElo "2347"]
[BlackElo "2513"]
[Result "0-1"]
[Round "8"]
[TimeControl "180+1"]
[Date "2023.08.08"]
[WhiteClock "0:00:02"]
[BlackClock "0:00:59"]
[Board "79"]

1. Nf3 d5 2. d4 Nf6 3. c4 e6 4. cxd5 exd5 5. Nc3 c6 6. Bf4 Bd6 7. Bxd6 Qxd6 8. e3 O-O 9. Be2 Bf5 10. Nh4 Be6 11. Bd3 Nbd7 12. O-O Rfe8 13. h3 Nf8 14. Qf3 Ng6 15. Nxg6 hxg6 16. Na4 b6 17. a3 Re7 18. Rac1 Rae8 19. Rc2 Ne4 20. Rfc1 Bd7 21. Bxe4 Rxe4 22. Nc3 R4e7 23. b4 Bf5 24. Ra2 Bd3 25. b5 Bc4 26. bxc6 Qxc6 27. Rac2 Qd6 28. a4 Rc8 29. Nb5 Qb4 30. Qf4 Qxa4 31. Nd6 Rc6 32. e4 Qb4 33. Nxc4 Rxc4 34. Rxc4 dxc4 35. d5 Rd7 36. Qb8+ Kh7 37. Qf4 c3 38. Qe3 Rc7 39. e5 c2 40. d6 Rc6 41. d7 Qe7 42. Qd3 Qd8 43. h4 Kg8 44. h5 gxh5 45. f4 Rc7 46. Rxc2 Rxc2 47. Qxc2 Qxd7 48. Qa2 Qd4+ 49. Kh1 Qxf4 50. Qxa7 Qxe5 51. Qb8+ Qxb8 0-1


[Site "https://www.chess.com"]

[Event "Titled Tuesday Blitz August 08 Late 2023"]
[White "Dragomirescu, Robin-Alexandru"]
[Black "UgarteCesar"]
[WhiteFideId "1213849"]
[WhiteElo "2508"]
[BlackElo "2340"]
[Result "1-0"]
[Round "8"]
[TimeControl "180+1"]
[Date "2023.08.08"]
[WhiteClock "0:02:54"]
[BlackClock "0:02:43"]
[Board "80"]

1. b3 e5 2. Bb2 Nc6 3. e3 d6 4. Nf3 Nge7 5. d4 f6 6. c4 Ng6 7. Nc3 Be7 8. h4 O-O 9. h5 exd4 10. hxg6 dxc3 11. Qd5+ 1-0


[Site "https://www.chess.com"]

[Event "Titled Tuesday Blitz August 08 Late 2023"]
[White "Doluhanova, Evgeniya"]
[Black "Reprintsev, Alexander"]
[WhiteFideId "14112035"]
[BlackFideId "14100541"]
[WhiteElo "2339"]
[BlackElo "2496"]
[Result "0-1"]
[Round "8"]
[TimeControl "180+1"]
[Date "2023.08.08"]
[WhiteClock "0:00:06"]
[BlackClock "0:00:19"]
[Board "81"]

1. e4 d5 2. exd5 Qxd5 3. Nf3 Bg4 4. Be2 Nc6 5. h3 Bxf3 6. Bxf3 Qe6+ 7. Qe2 Nd4 8. Qxe6 Nxf3+ 9. gxf3 fxe6 10. d3 g6 11. Bf4 Kd7 12. Nc3 Bh6 13. Be3 Rf8 14. Ke2 Bf4 15. Ne4 b6 16. h4 e5 17. h5 Nf6 18. hxg6 hxg6 19. Nxf6+ exf6 20. Bxf4 exf4 21. Rag1 g5 22. Kd2 Ke6 23. d4 Kf5 24. Kd3 Rd8 25. c4 c6 26. b3 a5 27. a4 Rde8 28. Rd1 Rh4 29. d5 cxd5 30. cxd5 Rxh1 31. Rxh1 Rc8 32. Kd4 Rc2 33. Rd1 Rxf2 34. Kc4 Rxf3 35. d6 Rh3 36. d7 Rh8 37. Kb5 f3 38. Kxb6 g4 39. b4 g3 40. bxa5 f2 41. a6 g2 42. a7 f1=Q 43. d8=Q g1=Q+ 0-1


[Site "https://www.chess.com"]

[Event "Titled Tuesday Blitz August 08 Late 2023"]
[White "Chen, Max"]
[Black "Guzman Moneo, Alberto"]
[WhiteFideId "2622440"]
[BlackFideId "2209616"]
[WhiteElo "2563"]
[BlackElo "2366"]
[Result "1-0"]
[Round "8"]
[TimeControl "180+1"]
[Date "2023.08.08"]
[WhiteClock "0:00:06"]
[BlackClock "0:00:00"]
[Board "82"]

1. e4 e6 2. d3 d5 3. Nd2 Nf6 4. g3 Bc5 5. Bg2 Nc6 6. Ngf3 dxe4 7. dxe4 O-O 8. O-O b6 9. Qe2 e5 10. c3 a5 11. h3 Ba6 12. Nc4 Qe7 13. Rd1 h6 14. Bf1 Ne8 15. Be3 Nd6 16. Bxc5 bxc5 17. Nfd2 Qe6 18. b3 a4 19. Qe3 axb3 20. axb3 Nxc4 21. Nxc4 Bxc4 22. Bxc4 Rxa1 23. Rxa1 Qe7 24. Ra6 Nb8 25. Ra8 Nd7 26. Rxf8+ Nxf8 27. Qd3 Nd7 28. Qd5 g6 29. Qc6 Kg7 30. Qxc7 Kf6 31. Bb5 Nf8 32. Qxe7+ Kxe7 33. Kf1 Ne6 34. h4 f5 35. Ke2 f4 36. Bc4 Nd8 37. Kf3 g5 38. Kg4 Kf6 39. Kh5 Kg7 40. hxg5 hxg5 41. Kxg5 fxg3 42. fxg3 Nb7 43. Kf5 Nd6+ 44. Kxe5 Ne8 45. g4 Nf6 46. g5 Ng4+ 47. Kf4 Nf2 48. Ke3 Nd1+ 49. Kd2 Nf2 50. Bd5 Ng4 51. b4 cxb4 52. cxb4 Ne5 53. b5 Kf8 54. b6 Nd7 55. b7 Nb8 56. Ke3 Ke7 57. Kf4 Kd6 58. Kf5 Ke7 59. Kg6 Kf8 60. Kh7 Nd7 61. e5 Ke7 62. e6 Nf8+ 63. Kh6 1-0


[Site "https://www.chess.com"]

[Event "Titled Tuesday Blitz August 08 Late 2023"]
[White "Mendez Fortes, Eduardo Jesus"]
[Black "K2JW"]
[WhiteFideId "3502376"]
[WhiteElo "2543"]
[BlackElo "2365"]
[Result "1-0"]
[Round "8"]
[TimeControl "180+1"]
[Date "2023.08.08"]
[WhiteClock "0:00:16"]
[BlackClock "0:00:02"]
[Board "83"]

1. a3 d5 2. c3 e5 3. d4 e4 4. c4 c6 5. Nc3 Nf6 6. Bf4 Bd6 7. Bxd6 Qxd6 8. e3 O-O 9. h3 dxc4 10. Bxc4 Nbd7 11. Nge2 Nb6 12. Ba2 Be6 13. O-O Bxa2 14. Rxa2 Rae8 15. Ng3 Nbd5 16. Nxd5 Nxd5 17. Qg4 Qe6 18. Qxe6 Rxe6 19. b4 f5 20. Re1 g5 21. Rc2 Kg7 22. Rc5 a6 23. a4 Nxb4 24. Rxf5 Rxf5 25. Nxf5+ Kg6 26. Ng3 h5 27. a5 h4 28. Ne2 Rf6 29. Rb1 Nd3 30. Rxb7 Rxf2 31. Nc3 Rc2 32. Nxe4 Re2 33. Nc5 Rxe3 34. Rb6 Re1+ 35. Kh2 Re2 36. Nxd3 1-0


[Site "https://www.chess.com"]

[Event "Titled Tuesday Blitz August 08 Late 2023"]
[White "Slaby, Jerzy"]
[Black "Pavlidou, Ekaterini"]
[WhiteFideId "1121405"]
[BlackFideId "4213262"]
[WhiteElo "2534"]
[BlackElo "2357"]
[Result "1-0"]
[Round "8"]
[TimeControl "180+1"]
[Date "2023.08.08"]
[WhiteClock "0:00:09"]
[BlackClock "0:01:13"]
[Board "84"]

1. e4 c5 2. Nc3 Nc6 3. f4 g6 4. Bb5 a6 5. Bxc6 dxc6 6. Nf3 Bg7 7. d3 Nf6 8. h3 Nd7 9. O-O e5 10. Kh1 Qe7 11. Qe1 h6 12. Qg3 b5 13. f5 g5 14. Be3 Bf6 15. a4 b4 16. Nb1 a5 17. Nbd2 Ba6 18. b3 O-O-O 19. Rad1 Rdg8 20. Nc4 Bxc4 21. dxc4 g4 22. hxg4 h5 23. g5 Bxg5 24. Nxg5 f6 25. Qh3 fxg5 26. f6 Qd8 27. f7 Rg7 28. Qe6 Kc7 29. Rd6 g4 30. Rxc6+ Kb7 31. Rd6 Kc8 32. Rfd1 g3 33. Rxd7 Qh4+ 34. Qh3 Qxe4 35. R7d4+ Rg4 36. Rxe4 Kc7 37. Rxg4 hxg4 38. Qxh8 1-0


[Site "https://www.chess.com"]

[Event "Titled Tuesday Blitz August 08 Late 2023"]
[White "Carrasco Miranda, Andres"]
[Black "Janaszak, Dawid"]
[WhiteFideId "3405990"]
[BlackFideId "1119206"]
[WhiteElo "2353"]
[BlackElo "2529"]
[Result "1-0"]
[Round "8"]
[TimeControl "180+1"]
[Date "2023.08.08"]
[WhiteClock "0:01:08"]
[BlackClock "0:00:25"]
[Board "85"]

1. d4 Nf6 2. c4 c5 3. d5 b5 4. Qc2 b4 5. e4 d6 6. Bd3 g6 7. Nf3 Bg7 8. O-O Bg4 9. Nfd2 O-O 10. a3 a5 11. axb4 cxb4 12. Re1 Na6 13. Nb3 Nc5 14. Nxc5 dxc5 15. e5 Nd7 16. h3 Bxh3 17. gxh3 Nxe5 18. Be4 e6 19. Bf4 Qh4 20. Bg3 Qxh3 21. Bg2 Qh5 22. Nd2 Rae8 23. Rxa5 exd5 24. cxd5 Ng4 25. Rxe8 Rxe8 26. d6 Bd4 27. Nf3 b3 28. d7 Rd8 29. Qe4 Re8 30. dxe8=Q+ 1-0


[Site "https://www.chess.com"]

[Event "Titled Tuesday Blitz August 08 Late 2023"]
[White "Jovic, Stanoje"]
[Black "Mazibuko, Khanya"]
[WhiteFideId "905020"]
[BlackFideId "14321041"]
[WhiteElo "2489"]
[BlackElo "2348"]
[Result "1-0"]
[Round "8"]
[TimeControl "180+1"]
[Date "2023.08.08"]
[WhiteClock "0:00:09"]
[BlackClock "0:00:04"]
[Board "86"]

1. c4 Nf6 2. g3 c5 3. Bg2 d5 4. cxd5 Nxd5 5. Nc3 Nxc3 6. bxc3 g6 7. Rb1 Bg7 8. Rxb7 Bxb7 9. Bxb7 Nd7 10. Bxa8 Qxa8 11. Nf3 Ne5 12. Qa4+ Kf8 13. O-O Nxf3+ 14. exf3 Bf6 15. Kg2 Kg7 16. d4 Rc8 17. Be3 cxd4 18. cxd4 Qb7 19. Rd1 e6 20. h4 h5 21. Rd3 Rc7 22. Rb3 Qd5 23. Rb5 Qd8 24. Ra5 Qd7 25. Qxd7 Rxd7 26. Ra4 a5 27. f4 Rd5 28. Kf3 Be7 29. Bd2 Bf6 30. Ke4 Bd8 31. Rc4 Kf6 32. Rc5 Rxc5 33. dxc5 Ke7 34. a4 Kd7 35. f3 Kc6 36. Be3 Be7 37. Ke5 Bxc5 38. Bxc5 Kxc5 39. Kf6 Kb4 40. Kxf7 Kxa4 41. Kxg6 Kb5 42. g4 hxg4 43. fxg4 a4 44. f5 a3 45. f6 a2 46. f7 a1=Q 47. f8=Q Qe5 48. Qf6 Qe4+ 49. Kh5 e5 50. g5 Kc5 51. g6 Qe2+ 52. Kh6 e4 53. g7 Qd2+ 54. Kh7 Qc2 55. g8=Q e3+ 56. Qgg6 Qxg6+ 57. Kxg6 e2 58. Qe7+ 1-0


[Site "https://www.chess.com"]

[Event "Titled Tuesday Blitz August 08 Late 2023"]
[White "Lopez Gracia, Fernando"]
[Black "Sadilek, Peter"]
[WhiteFideId "2207184"]
[BlackFideId "1616439"]
[WhiteElo "2344"]
[BlackElo "2479"]
[Result "0-1"]
[Round "8"]
[TimeControl "180+1"]
[Date "2023.08.08"]
[WhiteClock "0:00:12"]
[BlackClock "0:00:34"]
[Board "87"]

1. e4 e6 2. d4 d5 3. e5 c5 4. c3 Nc6 5. Nf3 Nge7 6. dxc5 Ng6 7. Bb5 Bxc5 8. h4 Qb6 9. Qe2 Bxf2+ 10. Qxf2 Qxb5 11. h5 Ngxe5 12. Nxe5 Nxe5 13. Qg3 Nd3+ 14. Kd2 Nxc1 15. Kxc1 Bd7 16. Na3 Qe2 17. Qg5 f6 18. Qxg7 Qe3+ 19. Kb1 O-O-O 20. Nc2 Qg5 21. Qxg5 fxg5 22. Ne3 e5 23. Kc2 d4 24. Nc4 Bf5+ 25. Kd2 dxc3+ 26. Kxc3 Rd3+ 27. Kb4 Rd4 28. Rad1 Rhd8 29. Rxd4 Rxd4 30. Kc5 b6+ 31. Kb4 a5+ 32. Kb5 Kb7 33. Nxe5 Rb4# 0-1


[Site "https://www.chess.com"]